 Dungeon Crawl Stone Soup version 0.25-a0-1007-g10a8c3caa8 (webtiles) character file.

Game seed: 5684823374053710573, levelgen mode: deterministic

37 Flugslaktarn the Skirmisher (level 3, 0/33 HPs)
             Began as a Minotaur Fighter on May 11, 2020.
             Slain by a gnoll
             ... wielding a +0 flail
              (5 damage)
             ... on level 1 of the Dungeon.
             The game lasted 00:00:07 (54 turns).

Flugslaktarn the Skirmisher (Minotaur Fighter)        Turns: 54, Time: 00:00:08

Health: 0/33       AC:  7    Str: 21    XL:     3   Next: 23%
Magic:  2/2        EV:  7    Int:  5    God:
Gold:   0          SH:  9    Dex:  9    Spells: 2/2 levels left

rFire    . . .     SeeInvis .   a - +0 war axe
rCold    . . .     Gourm    .   c - +0 kite shield
rNeg     . . .     Faith    .   b - +0 scale mail
rPois    .         Spirit   .   (helmet restricted)
rElec    .         Reflect  .   (no cloak)
rCorr    .         Harm     .   (no gloves)
MR       .....                  (no boots)
Stlth    ..........             (no amulet)
HPRegen  0.11/turn              (no ring)
MPRegen  0.08/turn              (no ring)

@: no status effects
A: retaliatory headbutt, horns 2
a: no special abilities


You were on level 1 of the Dungeon.
You were not hungry.

You visited 1 branch of the dungeon, and saw 2 of its levels.

Inventory:

Hand Weapons
 a - a +0 war axe (weapon)
Armour
 b - a +0 scale mail (worn)
 c - a +0 kite shield (worn)
Potions
 d - a potion of might
Comestibles
 e - a ration
 f - 4 chunks of flesh


   Skills:
 + Level 4.0 Fighting
 * Level 3.4 Axes
 + Level 4.0 Armour
 + Level 4.0 Shields


You had 2 spell levels left.
You didn't know any spells.
Your spell library was empty.

Dungeon Overview and Level Annotations

Branches:
Dungeon (2/15)

Altars:


Innate Abilities, Weirdness & Mutations

You reflexively headbutt those who attack you in melee.
You have a pair of horns on your head.


Message History

Increase (s)trength, (i)ntelligence, or (d)exterity?
You feel stronger.
You barely miss the goblin. You closely miss the gnoll.
You block the goblin's attack.
The gnoll throws a throwing net.
The throwing net closely misses you. You block the goblin's attack.
The gnoll hits you but does no damage. You block the goblin's attack.
You climb upwards.
There is a stone staircase leading down here.
You can't go up here!
Unknown command.
You slash the goblin!
You kill the goblin!
You barely miss the gnoll. You hit the gnoll but do no damage.
The gnoll hits you with a +0 flail! You block the gnoll's attack.
The gnoll hits you with a +0 flail.
You hit the gnoll but do no damage. You closely miss the gnoll.
The gnoll hits you with a +0 flail.
* * * LOW HITPOINT WARNING * * *
The gnoll hits you with a +0 flail.
You die...

#. ..# #..#.# ..# #
.###.#.# ...# ..
......# ...#
#........#####...###
#.#.##..............
..........†.†......
#.##g....÷.)......
#.g@)...####...###
####################.#
..#


PPPPPPPPPPPPPPP..)...# .# .......<.........##### # PPPPPPPPPPPPPPP.##
################# You could see 2 gnolls.

Vanquished Creatures
  A gnoll (D:2)
  2 adders (D:2)
  3 goblins (D:1)
  2 hobgoblins
  A bat (D:2)
  A frilled lizard (D:1)
  A rat (D:1)
11 creatures vanquished.

Notes
Turn   | Place    | Note
-------+----------+-------------------------------------------
     0 | D:1      | Flugslaktarn the Minotaur Fighter began the quest for the
                  | Orb.
     0 | D:1      | Reached XP level 1. HP: 19/19 MP: 0/0
    42 | D:2      | Reached XP level 2. HP: 25/27 MP: 1/1
    50 | D:2      | Reached XP level 3. HP: 21/33 MP: 2/2
    54 | D:1      | Slain by a gnoll

Illustrated notes

Levels and vault maps discovered:
D:1:      eino_arrival_tree_alley, layout_loops_cross, minmay_worlds_worst_comb
D:2:      layout_rooms, chequers_temple_overflow_minitemple,
          kennysheep_small_spiral, chequers_avenue, uniq_robin

Skill      XL: |  1  2 |
---------------+-------+-----
Axes           | 3 |  3.4
Fighting       | 4 |  4.0
Armour         | 4 |  4.0
Shields        | 4 |  4.0

Action                   || total
-------------------------++-------
Melee: War axe           ||    21
       Headbutt          ||     3
Armor: Scale mail        ||     7
Dodge: Dodged            ||     9
Block: Kite shield       ||    14

Table legend:
 A = Non-vault XP
 B = Vault XP
 C = Vault XP percentage of total XP
 D = Non-vault monster count
 E = Vault monster count
 F = Vault count percentage of total count
                 A         B        C        D         E       F
            +---------+---------+-------+---------+---------+-------
      Total |      54 |       0 |   0.0 |      11 |       0 |   0.0
            +---------+---------+-------+---------+---------+-------
        D:1 |      10 |       0 |   0.0 |       6 |       0 |   0.0
        D:2 |      44 |       0 |   0.0 |       5 |       0 |   0.0
            +---------+---------+-------+---------+---------+-------
